 Dungeon Crawl Stone Soup version 0.26.1-11-gd32895ea62 (webtiles) character file.

Game seed: 9972408351754747052

1166 vvl the Chopper (level 8, -10/71 HPs)
             Began as a Palentonga Fighter on July 5, 2021.
             Was an Initiate of Wu Jian.
             Mangled by a manticore (14 damage)
             ... on level 6 of the Dungeon.
             The game lasted 00:10:35 (6611 turns).

vvl the Chopper (Palentonga Fighter)                Turns: 6611, Time: 00:10:37

Health: -10/71     AC: 17    Str: 20    XL:     8   Next: 17%
Magic:  11/11      EV:  6    Int: 10    God:    Wu Jian [......]
Gold:   384        SH:  9    Dex: 10    Spells: 10/11 levels left

rFire    . . .     SeeInvis +   a - +0 war axe
rCold    . . .     Faith    .   c - +0 kite shield
rNeg     . . .     Spirit   .   b - +0 scale mail
rPois    .         Reflect  .   (no helmet)
rElec    .         Harm     .   t - +2 cloak
rCorr    .         Rampage  .   (no gloves)
Will     +....                  (no barding)
Stlth    ..........             (no amulet)
HPRegen  0.21/turn              i - ring of willpower
MPRegen  0.12/turn              (no ring)

@: curled up
A: large, rugged brown scales 3, see invisible, deformed body, roll 1, armoured
tail, reflexive curl
a: Rolling Charge, Renounce Religion


You were on level 6 of the Dungeon.
You worshipped Wu Jian.
Wu Jian was noncommittal.
You visited 2 branches of the dungeon, and saw 7 of its levels.

You collected 384 gold pieces.

Inventory:

Hand Weapons
 a - a +0 war axe (weapon)
Armour
 b - a +0 scale mail (worn)
 c - a +0 kite shield (worn)
 t - a +2 cloak (worn)
Jewellery
 i - a ring of willpower (left hand)
 z - the ring "Noalith" {rC+ Str+6 Slay+3, unknown}
   (You found it on level 5 of the Dungeon)

   [ring of strength]

   It affects your strength (+6).
   It affects your accuracy and damage with ranged weapons and melee attacks
   (+3).
   It protects you from cold.
Wands
 x - a wand of enslavement (9)
Scrolls
 f - 14 scrolls of identify {unknown}
 h - 2 scrolls of fog {unknown}
 j - 3 scrolls of remove curse {unknown}
 n - 3 scrolls of enchant weapon {unknown}
 o - 4 scrolls of teleportation {unknown}
 p - a scroll of noise {unknown}
 q - 4 scrolls of amnesia {unknown}
 s - 3 scrolls of blinking {unknown}
 w - 2 scrolls of immolation {unknown}
 y - 3 scrolls of magic mapping {unknown}
 B - a scroll of fear {unknown}
Potions
 d - a potion of might
 e - a potion of lignification {unknown}
 g - 3 potions of haste {unknown}
 k - 5 potions of heal wounds {unknown}
 l - 2 potions of degeneration {unknown}
 m - a potion of ambrosia {unknown}
 r - a potion of curing {unknown}
 u - a potion of brilliance {unknown}
 v - 3 potions of attraction {unknown}
 A - a potion of berserk rage {unknown}


   Skills:
 + Level 4.4 Fighting
 + Level 2.7 Long Blades
 * Level 4.8 Axes
 + Level 3.4 Armour
 + Level 2.3 Dodging
 + Level 3.5 Shields
 + Level 2.1 Spellcasting
 + Level 2.6 Translocations
 + Level 2.5 Transmutations


You had 10 spell levels left.
You knew the following spells:

 Your Spells              Type           Power        Failure   Level
a - Beastly Appendage     Tmut           12%          69%         1

Your spell library contained the following spells:

 Spells                   Type           Power        Failure   Level
 Wereblood                Tmut           6%           83%         2
 Spider Form              Tmut/Pois      1%           99%         3
 Ice Form                 Ice/Tmut       3%           100%        4
 Blade Hands              Tmut           3%           100%        5


Dungeon Overview and Level Annotations

Branches:
Dungeon (6/15)             Temple (1/1) D:5

Altars:
Ashenzari
Cheibriados
Dithmenos
Fedhas
Gozag
Hepliaklqana
Kikubaaqudgha
Makhleb
Nemelex Xobeh
Okawaru
Qazlal
Ru
Sif Muna
Trog
Uskayaw
Vehumet
Wu Jian
Xom
Yredelemnul
Zin
The Shining One

Shops:
D:6 }


Innate Abilities, Weirdness & Mutations

You are completely covered in rugged brown scales. (AC +3, +7% HP)
You have supernaturally acute eyesight. (SInv)
Armour fits poorly on your strangely shaped body.
You can roll at nearby foes to attack.
You have a long armoured tail.
You curl defensively after being hit.


Message History

* * * LOW HITPOINT WARNING * * *
You block the leopard gecko's attack. You block the manticore's attack.
The manticore claws you.
* * * LOW HITPOINT WARNING * * *
The manticore claws you but does no damage.
Okay, then.
Aiming: Enslavement
Press: ? - help, Shift-Dir - straight line, f/p - manticore
Aim: a manticore (moderately wounded, chance to affect: 28%)
The manticore easily resists.
The leopard gecko bites you but does no damage.
You block the wight's attack. The manticore closely misses you.
The manticore claws you but does no damage. x2
Aiming: Enslavement
Press: ? - help, Shift-Dir - straight line, f/p - manticore
Aim: a manticore (moderately wounded, chance to affect: 28%)
The manticore easily resists.
The leopard gecko bites you.
* * * LOW HITPOINT WARNING * * *
You block the wight's attack. The manticore bites you!
You die...

## #) #.. ## #..
.. #. #'# ... #.
##..# #.. #.
#..Zz## #'# #.
#..zH@### #..##
#.
##..##l.##....#
#. ## #.o..'....#
#. #...(##.. #.
##.(## #. #'##
#######.
#.########.......
#......)...######
####..###..##....


You could see a manticore, 2 wights, an orc, an adder zombie and a leopard
gecko.

Vanquished Creatures
  An orc warrior (D:5)
  An ice beast (D:5)
  2 sky beasts
  An ogre (D:6)
  A centaur (D:5)
  A howler monkey (D:6)
  A hound (D:5)
  An orc priest (D:6)
  A bullfrog skeleton (D:4)
  3 orc wizards
  Jessica (D:3)
  An iguana (D:5)
  7 worker ants
  4 adders
  A white imp (D:5)
  An ufetubus (D:5)
  2 adder zombies (D:5)
  5 worms
  3 dart slugs
  4 leopard geckos
  21 orcs
  2 ball pythons
  8 giant cockroaches
  3 goblins
  5 hobgoblins
  8 jackals
  6 bats
  3 frilled lizards
  6 kobolds
  A leopard gecko skeleton (D:4)
  4 rats
109 creatures vanquished.

Vanquished Creatures (collateral kills)
  An orc wizard (D:5)
1 creature vanquished.

Grand Total: 110 creatures vanquished

Notes
Turn   | Place    | Note
-------+----------+-------------------------------------------
     0 | D:1      | vvl the Palentonga Fighter began the quest for the Orb.
     0 | D:1      | Reached XP level 1. HP: 20/20 MP: 1/1
   325 | D:1      | Reached XP level 2. HP: 27/27 MP: 2/2
   891 | D:2      | Reached XP level 3. HP: 23/33 MP: 3/3
  1704 | D:2      | Learned a level 1 spell: Beastly Appendage
  1986 | D:3      | Reached XP level 4. HP: 40/40 MP: 4/4
  2203 | D:3      | Reached skill level 1 in Translocations
  2417 | D:3      | Reached skill level 1 in Long Blades
  2730 | D:3      | Noticed Jessica
  2749 | D:3      | Killed Jessica
  2996 | D:4      | Reached skill level 1 in Dodging
  2996 | D:4      | Reached XP level 5. HP: 48/48 MP: 5/5
  3003 | D:4      | Found a blossoming altar of Fedhas.
  3003 | D:4      | Found a radiant altar of Vehumet.
  3030 | D:4      | Noticed a sky beast
  3042 | D:4      | Killed a sky beast
  3043 | D:4      | Reached skill level 1 in Transmutations
  3151 | D:4      | Reached skill level 1 in Spellcasting
  3304 | D:4      | Reached XP level 6. HP: 53/55 MP: 7/7
  3892 | D:4      | Found a glowing silver altar of Zin.
  4201 | D:5      | Entered Level 5 of the Dungeon
  4508 | D:5      | Gained mutation: You curl defensively after being hit.
                  | [Palentonga growth]
  4508 | D:5      | Reached XP level 7. HP: 62/62 MP: 9/9
  4972 | D:5      | Got a coiled platinum ring
  5030 | D:5      | Found a staircase to the Ecumenical Temple.
  5933 | Temple   | Entered the Ecumenical Temple
  6126 | Temple   | Became a worshipper of the Wu Jian Council
  6183 | D:6      | Reached XP level 8. HP: 67/70 MP: 11/11
  6198 | D:6      | Found Akott's Gadget Boutique.
  6603 | D:6      | Noticed a manticore
  6611 | D:6      | Mangled by a manticore

Illustrated notes

Levels and vault maps discovered:
D:1:      sevenhm_arrival_forest_fort_large_4, layout_basic
D:2:      layout_loops_ring
D:3:      layout_basic, chequers_serial_rivers_large_b, uniq_jessica
D:4:      kennysheep_six_static_rooms, layout_loops_corners, zin_scriptorium,
          gammafunk_temple_overflow_wave
D:5:      layout_loops_ring, minmay_temple_entry_tees
D:6:      minmay_bubble_buster, layout_basic, serial_shops, shop_fountains,
          kennysheep_little_box, kennysheep_mini, uniq_eustachio
Temple:   eino_narrow_crystal_temple

Skill      XL: |  1  2  3  4  5  6  7 |
---------------+----------------------+-----
Translocations | 1 2 |  2.6
Long Blades    | 1 2 |  2.7
Axes           | 3 4 |  4.8
Dodging        | 1 2 |  2.3
Transmutations | 1 2 |  2.5
Spellcasting   | 1 2 |  2.1
Shields        | 3 |  3.5
Armour         | 3 |  3.4
Fighting       | 4 |  4.4

Action                   |  1- 3 |  4- 6 |  7- 9 || total
-------------------------+-------+-------+-------++-------
Melee: War axe           |   114 |   153 |   127 ||   394
       Tailslap          |    10 |    26 |     9 ||    45
Invok: Lunge             |       |       |     1 ||     1
 Abil: Rolling Charge    |     1 |       |     2 ||     3
Evoke: Wand              |       |       |     3 ||     3
Armor: Scale mail        |    77 |    71 |    65 ||   213
Dodge: Dodged            |    28 |    42 |    39 ||   109
Block: Kite shield       |    53 |    73 |    66 ||   192
